 Dungeon Crawl Stone Soup version 0.29-a0-632-g781b4ac09e (webtiles) character file.

Game seed: 12865493653324099090

126 BearFiend the Sneak (level 4, 0/30 HPs)
             Began as a Vampire Enchanter on June 19, 2022.
             Was an Initiate of Dithmenos.
             Slain by a hound (2 damage)
             ... on level 4 of the Dungeon.
             The game lasted 00:14:52 (2708 turns).

BearFiend the Sneak (Vampire Enchanter)             Turns: 2708, Time: 00:14:53

Health: 0/30       AC:  3    Str:  7    XL:     4   Next: 83%
Magic:  2/7        EV: 12    Int: 17    God:    Dithmenos [......]
Gold:   262        SH:  0    Dex: 16    Spells: 2/7 levels left

rFire   . . .      SeeInvis +   a - +1 dagger
rCold   . . .      Faith    .   (no shield)
rNeg    . . .      Spirit   .   b - +0 robe
rPois   .          Reflect  .   p - +0 helmet
rElec   .          Harm     .   (no cloak)
rCorr   .          Rampage  .   (no gloves)
Will    .....                   (no boots)
Stlth   ++++......              (no amulet)
HPRegen 0.30/turn               (no ring)
MPRegen 0.10/turn               (no ring)

@: healing quickly
A: alive, fangs 3, see invisible, vampiric 2
a: Exsanguinate, Renounce Religion


You were on level 4 of the Dungeon.
You worshipped Dithmenos.
Dithmenos was noncommittal.
You visited 1 branch of the dungeon, and saw 4 of its levels.

You collected 262 gold pieces.

Inventory:

Hand Weapons
 a - a +1 dagger (weapon)
 m - the +6 war axe of Green Valour {venom, Fly rF+++ rC- Int-3}
   (You found it on level 3 of the Dungeon)

   It poisons the flesh of those it strikes.
   Int:       It affects your intelligence (-3).
   rF:        It renders you almost immune to fire.
   rC:        It makes you vulnerable to cold.
   Fly:       It grants you flight.
Armour
 b - a +0 robe (worn)
 p - a +0 helmet (worn)
Scrolls
 f - 2 scrolls of identify {unknown}
 i - a scroll of amnesia {unknown}
 l - a scroll of teleportation {unknown}
 n - a scroll of fog {unknown}
 o - 4 scrolls of magic mapping {unknown}
Potions
 c - 2 potions of invisibility
 d - 3 potions of curing {unknown}
 e - 2 potions of mutation {unknown}
 g - a potion of lignification {unknown}
 h - 4 potions of cancellation {unknown}
 j - a potion of flight {unknown}
 k - 3 potions of heal wounds {unknown}


   Skills:
 - Level 1.1 Short Blades
 - Level 2.1 Dodging
 + Level 6.9 Stealth
 - Level 2.0 Spellcasting
 + Level 6.5 Hexes


You had 2 spell levels left.
You knew the following spells:

 Your Spells              Type           Power      Damage    Failure   Level
e - Confusing Touch       Hex            24%        N/A       4%          3
w - Ensorcelled Hibernat  Hex/Ice        24%        N/A       8%          2

Your spell library contained the following spells:

 Spells                   Type           Power      Damage    Failure   Level
 Tukima's Dance           Hex            24%        N/A       4%          3
 Dazzling Flash           Conj/Hex       24%        N/A       16%         3


Dungeon Overview and Level Annotations

Branches:
Dungeon (4/15) Zot: 21295
 Temple: D:4-7

Altars:
Dithmenos
Makhleb


Innate Abilities, Weirdness & Mutations

Your natural rate of healing is accelerated.
You have razor-sharp teeth.
You have supernaturally acute eyesight. (SInv)
You are afflicted with vampirism and can become a bat while bloodless.


Message History

* * * LOW MAGIC WARNING * * *
The kobold barely misses you. The hound bites you.
You barely miss the hound. The hound completely misses you.
The kobold hits you with a +0 whip. The hound completely misses you.
You hit the hound but do no damage. The kobold barely misses you.
The hound bites you.
You hit the hound.
The hound is lightly wounded.
The hound closely misses you. The kobold hits you with a +0 whip.
The hound misses you.
You closely miss the hound.
The hound is lightly wounded.
The kobold hits you with a +0 whip. The hound bites you.
* * * LOW HITPOINT WARNING * * *
You hit the hound.
The hound is lightly wounded.
The hound bites you.
* * * LOW HITPOINT WARNING * * *
The kobold barely misses you. The hound bites you.
* * * LOW HITPOINT WARNING * * *
You hit the hound.
The hound is moderately wounded.
The kobold hits you with a +0 whip.
* * * LOW HITPOINT WARNING * * *
The hound bites you.
* * * LOW HITPOINT WARNING * * *
You hit the hound.
The hound is heavily wounded.
The hound bites you.
* * * LOW HITPOINT WARNING * * *
The kobold hits you but does no damage. The hound bites you but does no damage.
Your magical contamination has completely faded away.
You closely miss the hound.
The hound is heavily wounded.
The kobold closely misses you. The hound misses you.
You closely miss the hound.
The hound is heavily wounded.
The hound barely misses you. The kobold closely misses you.
The hound bites you.
You die...

...............#
................#
................#
................#
................#
................#
................#
....)...........#
.......@........#
......hK..........
...................
...................
..................
............B...#
................
[..............


You could see a hound, a giant cockroach (asleep) and a kobold.

Vanquished Creatures
  5 adders
  4 orcs
  5 bats
  6 endoplasms
  4 giant cockroaches
  5 hobgoblins
  8 jackals
  4 quokkas
  9 ball pythons
  3 frilled lizards (D:1)
  5 goblins
  8 kobolds
  2 rats
68 creatures vanquished.

Vanquished Creatures (others)
  2 fungi (D:2)
2 creatures vanquished.

Grand Total: 70 creatures vanquished

Notes
Turn   | Place    | Note
-------+----------+-------------------------------------------
     0 | D:1      | BearFiend the Vampire Enchanter began the quest for the
                  | Orb.
     0 | D:1      | Reached XP level 1. HP: 13/13 MP: 3/3
   134 | D:1      | Reached XP level 2. HP: 13/19 MP: 5/5
   137 | D:1      | Reached skill level 5 in Stealth
   203 | D:1      | Reached skill level 5 in Hexes
   294 | D:1      | Found a faded altar of an unknown god.
   456 | D:1      | Learned a level 2 spell: Ensorcelled Hibernation
   641 | D:2      | Gained mutation: You are afflicted with vampirism and can
                  | become a bat while bloodless. [Vampire growth]
   641 | D:2      | Reached XP level 3. HP: 17/24 MP: 3/6
  1167 | D:2      | Reached XP level 4. HP: 30/30 MP: 2/7
  1855 | D:3      | Identified the +6 war axe of Green Valour {venom, Fly rF+++
                  | rC- Int-3}
  2001 | D:3      | Found a shadowy altar of Dithmenos.
  2520 | D:3      | Became a worshipper of Dithmenos the Shadowed
  2607 | D:4      | Found a burning altar of Makhleb.
  2673 | D:4      | Learned a level 3 spell: Confusing Touch
  2706 | D:4      | HP: 1/30 [hound (3)]
  2708 | D:4      | Slain by a hound

Illustrated notes

Levels and vault maps discovered:
D:1:      mrwooster_arrival_statue, layout_basic, basic_ecumenical_altar
D:2:      layout_basic, minmay_shallow_snake_nest
D:3:      layout_loops_ring, nicolae_dithmenos_shadow_blocks, grunt_decor_cap
D:4:      minmay_chambers_of_fours, layout_basic, mainiacjoe_overflow_catwalk

Skill      XL: |  1  2  3  4 |
---------------+-------------+-----
Stealth        | 5 6 |  6.9
Hexes          | 5 6 |  6.5
Short Blades   | |  1.1
Dodging        | |  2.1
Spellcasting   | |  2.0

Action                   |  1- 3 |  4- 6 || total
-------------------------+-------+-------++-------
Melee: Dagger            |    93 |    75 ||   168
       Bite              |     6 |     6 ||    12
 Cast: Ensorcelled Hiber |    13 |    14 ||    27
 Stab: Sleeping          |    15 |    11 ||    26
Armor: Robe              |    18 |     9 ||    27
Dodge: Dodged            |    40 |    63 ||   103

Table legend: (Time is in decaauts)
 A = Elapsed time spent in this place.
 B = Non-inter-level travel time spent in this place.
 C = Inter-level travel time spent in this place.
 D = Time resting spent in this place.
 E = Time spent auto-exploring this place.
 F = Levels seen in this place.
 G = Mean time per level.
                   A        B        C        D        E       F      G
               +--------+--------+--------+--------+--------+-----+--------+
         Total |   2703 |   2631 |     72 |    218 |   1870 |   4 |  675.8 |
       Dungeon |   2703 |   2631 |     72 |    218 |   1870 |   4 |  675.8 |
               +--------+--------+--------+--------+--------+-----+--------+

Top non-repeatable levels by time:
     D:2: 1105 daAuts
     D:3: 865 daAuts
     D:1: 626 daAuts
     D:4: 106 daAuts
